 Dungeon Crawl Stone Soup version 0.31-a0-662-g684573625c (webtiles) character file.

Game seed: 3722622419892999450

806 CowFu the Changeling (level 7, -8/56 HPs)
             Began as a Black Draconian Shapeshifter on Sept 2, 2023.
             Mangled by Duvessa
             ... wielding a +2 rapier of holy wrath
              (9 damage)
             ... on level 5 of the Dungeon.
             The game lasted 00:07:12 (3452 turns).

CowFu the Changeling (Black Draconian Shapeshifter) Turns: 3452, Time: 00:07:12

Health: -8/56      AC:  6    Str: 16    XL:     7   Next: 60%
Magic:  7/7        EV: 13    Int: 10    God:
Gold:   236        SH:  0    Dex: 17    Spells: 6/6 levels left

rFire   . . .        q - +4 hammer "Beetle's Curse" {flame, Dex+4}
rCold   . . .        (no shield)
rNeg    . . .        (body armour unavailable)
rPois   .            (helmet currently unavailable)
rElec   +            (cloak currently unavailable)
rCorr   .            (gloves currently unavailable)
SInv    .            (boots currently unavailable)
Will    .....        l - amulet of regeneration
Stlth   +            (no ring)
HPRegen 1.09/turn    (no ring)
MPRegen 0.10/turn

%: no passive effects
@: lit by a corona, beast-form, glowing
A: beast (slay +4), breathe lightning, AC +6, unfitting armour, electricity
resistance, cold-blooded
a: Breathe Lightning, Begin Untransformation


You were on level 5 of the Dungeon.
You were a hulking beast.
You visited 1 branch of the dungeon, and saw 5 of its levels.
You also visited: Sewer.

You collected 236 gold pieces.

Inventory:

Hand Weapons
 q - the +4 hammer "Beetle's Curse" (weapon) {flame, Dex+4}
   (You found it on level 2 of the Dungeon)

   Dex+4:     It affects your dexterity (+4).
Armour
 e - a +0 pair of gloves
 o - a +2 hat
 r - a +1 cloak
 x - a +0 pair of gloves
Jewellery
 f - a ring of fire
 h - an amulet of faith
 l - an amulet of regeneration (around neck)
Talismans
 b - a beast talisman (active)
 c - a flux talisman
 g - a maw talisman
Wands
 w - a wand of flame (16)
Scrolls
 d - 2 scrolls of identify
 i - 3 scrolls of fog
 n - 3 scrolls of blinking
 p - 2 scrolls of teleportation
 t - a scroll of summoning {unknown}
 v - 2 scrolls of noise {unknown}
Potions
 a - a potion of lignification
 j - a potion of haste
 k - 3 potions of degeneration
 u - a potion of mutation {unknown}


   Skills:
 - Level 2.4 Fighting
 - Level 2.5 Dodging
 - Level 3.6 Unarmed Combat
 + Level 7.7 Shapeshifting


You had 6 spell levels left.
You didn't know any spells.
Your spell library contained the following spells:

 Spells                   Type           Power      Damage    Failure   Level
 Magic Dart               Conj           0%         1d3       36%         1
 Call Imp                 Summ           0%         N/A       50%         2
 Cigotuvi's Dreadful Rot  Necr/Pois/Air  0%         N/A       50%         2
 Searing Ray              Conj           0%         2d4       50%         2
 Sublimation of Blood     Necr           0%         N/A       50%         2
 Wereblood                Tmut           0%         N/A       50%         2
 Dazzling Flash           Conj/Hex       0%         N/A       75%         3
 Mephitic Cloud           Conj/Pois/Air  0%         N/A       75%         3
 Dispel Undead            Necr           0%         3d6       98%         4
 Fulminant Prism          Conj/Hex       0%         3d5       98%         4
 Petrify                  Tmut/Erth      0%         N/A       98%         4
 Agony                    Necr           0%         N/A       100%        5
 Irradiate                Conj/Tmut      0%         3d11      100%        5
 Silence                  Hex/Air        0%         N/A       100%        5
 Death Channel            Necr           0%         N/A       100%        6


Dungeon Overview and Level Annotations

Branches:
Dungeon (5/15)              Sewer (visited)
 Temple: D:4-7

Altars:
Zin

Shops:
D:2 [

Annotations:
D:2 Sigmund
D:5 Duvessa


Innate Abilities, Weirdness & Mutations

You are a hulking beast.
Your limbs bulge with bestial killing power. (Slay +4)
You can breathe wild blasts of lightning.
Your glossy black scales are hard. (AC +6)
You cannot fit into any form of body armour.
You are resistant to electric shocks. (rElec)
You are cold-blooded and may be slowed by cold attacks.


Message History

You closely miss Dowan.
Duvessa hits you with a +2 rapier of holy wrath!
Dowan hits you but does no damage.
You closely miss Dowan.
Your tail-slap misses Dowan.
Duvessa hits you with a +2 rapier of holy wrath.
Dowan hits you with a +0 dagger. Dowan gestures at you while chanting.
The puff of frost hits you. Duvessa hits you but does no damage.
You feel much better. Dowan barely misses you.
Duvessa hits you with a +2 rapier of holy wrath.
You hit Dowan. You burn Dowan.
Dowan is moderately wounded.
Duvessa says, "My weaknesses are his strengths!"
Duvessa misses you. Dowan hits you but does no damage.
You hit Dowan. You burn Dowan.
Dowan is severely wounded.
Duvessa completely misses you. Dowan misses you.
You sock Dowan! You burn Dowan.
You kill Dowan!
Duvessa screams in rage.
Duvessa goes berserk!
Duvessa hits you but does no damage.
Duvessa hits you with a +2 rapier of holy wrath!
Duvessa hits you with a +2 rapier of holy wrath!!
* * * LOW HITPOINT WARNING * * *
You feel better.
Duvessa hits you with a +2 rapier of holy wrath.
* * * LOW HITPOINT WARNING * * *
You feel better. Duvessa barely misses you. Duvessa closely misses you.
You hit Duvessa but do no damage.
Your tail-slap misses Duvessa.
Duvessa hits you with a +2 rapier of holy wrath!
* * * LOW HITPOINT WARNING * * *
Duvessa hits you with a +2 rapier of holy wrath!
* * * LOW HITPOINT WARNING * * *
You feel better. Duvessa closely misses you.
You sock Duvessa! You burn Duvessa.
Duvessa is moderately wounded.
Duvessa hits you with a +2 rapier of holy wrath!
* * * LOW HITPOINT WARNING * * *
Duvessa hits you with a +2 rapier of holy wrath!
You die...

... ..#.. ###...........
... #....###...........#
.... #..............##
.....#####...........###
....#.##..........#.#
#................###
####............##
##..?........#
#h..........#
#)e..........#
.....#.....#.##
#.....##....#### ##..###
#.### ### ##


You could see Duvessa (berserk).

Vanquished Creatures
  An ice beast (D:5)
  A centaur (D:4)
  2 kobold brigands (Sewer)
  Blork the orc (D:4)
  Dowan (D:5)
  A hound (D:5)
  Crazy Yiuf (D:2)
  An orc priest (D:3)
  An iguana (D:5)
  4 gnolls (D:5)
  9 adders
  2 river rats (Sewer)
  4 worms
  6 orcs
  11 ball pythons
  6 bats
  17 endoplasms
  3 giant cockroaches
  14 goblins
  7 hobgoblins
  15 kobolds
  6 quokkas
  4 frilled lizards
  9 rats
127 creatures vanquished.

Notes
Turn   | Place    | Note
-------+----------+-------------------------------------------
     0 | D:1      | CowFu the Draconian Shapeshifter began the quest for the
                  | Orb.
     0 | D:1      | Reached XP level 1. HP: 16/16 MP: 1/1
   119 | D:1      | Found a faded altar of an unknown god.
   125 | D:1      | Reached XP level 2. HP: 22/23 MP: 2/2
   600 | D:1      | Reached XP level 3. HP: 22/29 MP: 3/3
   937 | D:2      | Reached XP level 4. HP: 36/36 MP: 4/4
   978 | D:2      | Found Xuvafud's Antique Armour Emporium.
  1225 | D:2      | Identified the +4 hammer "Beetle's Curse" {flame, Dex+4}
  1229 | D:2      | Found a runed translucent door.
  1240 | D:2      | Noticed Crazy Yiuf
  1250 | D:2      | Killed Crazy Yiuf
  1315 | D:2      | Noticed Sigmund
  1336 | D:3      | Reached skill level 4 in Shapeshifting
  1376 | D:3      | Reached XP level 5. HP: 24/42 MP: 5/5
  2046 | D:4      | Noticed Blork the orc
  2051 | D:4      | Killed Blork the orc
  2052 | D:4      | Reached skill level 5 in Shapeshifting
  2071 | D:4      | Noticed a centaur
  2078 | D:4      | Killed a centaur
  2079 | D:4      | Reached XP level 6. HP: 17/50 MP: 6/6
  2254 | D:4      | Found a glowing drain.
  2265 | Sewer    | Entered a sewer
  2433 | Sewer    | Reached skill level 6 in Shapeshifting
  2744 | Sewer    | Your scales start taking on a glossy black colour.
  2744 | Sewer    | Reached XP level 7. HP: 56/56 MP: 7/7
  2744 | Sewer    | Gained mutation: You are resistant to electric shocks.
                  | (rElec) [Black Draconian growth]
  3324 | D:5      | Entered Level 5 of the Dungeon
  3324 | D:5      | Found a glowing silver altar of Zin.
  3357 | D:5      | Reached skill level 7 in Shapeshifting
  3436 | D:5      | Noticed Dowan
  3437 | D:5      | Noticed Duvessa
  3447 | D:5      | Killed Dowan
  3447 | D:5      | HP: 1/56 [Duvessa/+2 rapier of holy wrath (18)]
  3452 | D:5      | HP: 1/56 [Duvessa/+2 rapier of holy wrath (13)]
  3452 | D:5      | Mangled by Duvessa

Illustrated notes

Levels and vault maps discovered:
D:1:      lightli_arrival_lavapool, layout_loops_ring,
          hellmonk_ecumenical_altar_inner_sanctum, minmay_heptomino_l4
D:2:      layout_rooms, serial_shops, shop, uniq_crazy_yiuf_cottage,
          uniq_sigmund
D:3:      layout_loops_cross, serial_glass, glass_columns_a, glass_columns_a,
          minmay_strange_pillars, minmay_strange_pillars, item_on_display_a
D:4:      layout_gridville, portal_sewer_entry_f, uniq_blork_the_orc
D:5:      layout_cave_pools, mainiacjoe_overflow_concentric_impassable,
          uniq_duvessa

Skill      XL: |  1  2  3  4  5  6  7 |
---------------+----------------------+-----
Dodging        | 2 |  2.5
Fighting       | 2 |  2.4
Shapeshifting  | 4 5 6 7 |  7.7
Unarmed Combat | |  3.6

Action                     |  1- 3 |  4- 6 |  7- 9 || total
---------------------------+-------+-------+-------++-------
  Melee: Unarmed           |    84 |    39 |       ||   123
         Tailslap          |     6 |    12 |     4 ||    22
         Punch             |     2 |     4 |       ||     6
         Mace              |       |   113 |    62 ||   175
    Use: Potion            |     2 |       |     4 ||     6
         Scroll            |       |     7 |       ||     7
   Stab: Sleeping          |     2 |     3 |       ||     5
 Armour: Skin              |    48 |    97 |    52 ||   197
  Dodge: Dodged            |    62 |    96 |    52 ||   210

Table legend: (Time is in decaauts)
 A = Elapsed time spent in this place.
 B = Non-inter-level travel time spent in this place.
 C = Inter-level travel time spent in this place.
 D = Time resting spent in this place.
 E = Time spent auto-exploring this place.
 F = Levels seen in this place.
 G = Mean time per level.
                   A        B        C        D        E       F      G
               +--------+--------+--------+--------+--------+-----+--------+
         Total |   3664 |   3578 |     86 |      0 |   2401 |   6 |  610.7 |
       Dungeon |   2911 |   2825 |     86 |      0 |   1919 |   5 |  582.2 |
         Sewer |    753 |    753 |      0 |      0 |    482 |   1 |  753.0 |
               +--------+--------+--------+--------+--------+-----+--------+

Top non-repeatable levels by time:
     D:4: 813 daAuts
     D:1: 756 daAuts
   Sewer: 753 daAuts
     D:3: 653 daAuts
     D:2: 545 daAuts
     D:5: 142 daAuts
